[Event "1st FIDE Olympiad DIS 2023"]
[Site "Belgrade"]
[Date "2023.01.31"]
[Round "2.10"]
[White "Otero Munelo, Harlen Jose"]
[Black "Nkhupi Robert"]
[Result "1-0"]
[ECO "A16"]
[WhiteElo "2099"]
[BlackElo "1738"]
[Annotator "TA"]
[PlyCount "49"]
[EventDate "2023.01.30"]
[EventType "team-tourn"]
[EventCountry "SRB"]
[SourceTitle "playchess.com"]
[Source "ChessBase"]
[SourceQuality "1"]
[WhiteTeam "Venezuela"]
[BlackTeam "Zambia"]
[WhiteTeamCountry "VEN"]
[BlackTeamCountry "ZAM"]
[TimeControl "40/5400+30:1800+30"]

1. c4 d6 2. Nc3 Nf6 3. g3 g6 4. Bg2 c6 5. e3 Bg7 6. Nge2 {[%emt 0:00:12] A16: English Opening: 1...Nf6 with ...d5.} e5 7. O-O Be6 8. b3 {[%emt 0:00:14] White is slightly better.} Nbd7 {[%emt 0:01:21] [#]} (8... O-O $14) 9. d4 $146 ({Predecessor:} 9. Bb2 O-O 10. f4 Re8 11. fxe5 dxe5 12. e4 Nc5 13. Qc2 Qb6 14. Kh1 Rad8 15. Nd1 {0-1 Lazorova,M (1486)-Miklasova,E (1641) Liptovsky Mikulas CupT U20 2015 (1.4)}) 9... Nb6 10. a4 O-O {[%emt 0:03:24] [#]} (10... a5 $142) 11. Ba3 ({White should play} 11. a5 $1 ) 11... Re8 (11... a5 $16) 12. a5 $18 Nc8 {[%emt 0:01:05] [#]} 13. a6 ({Better is} 13. dxe5 $1 $18 dxe5 14. Qxd8 Rxd8 15. Rfd1) 13... Qd7 $2 {[%emt 0:04:23][%mdl 8192] Black cannot hold the game after this.} (13... Qc7 $16) 14. dxe5 Nh5 15. axb7 Qxb7 16. exd6 Qd7 (16... Nb6 $142 17. Nd4 Rac8) 17. Nd4 Bxd4 18. Qxd4 Rb8 19. Rab1 Ng7 20. Ne4 {[%emt 0:00:33] And now Bb2 would win.} Nh5 21. Bb2 f6 22. Nxf6+ Nxf6 {[%emt 0:03:44] Black is weak on the dark squares} 23. Qxf6 {[%emt 0:00:11] White wants to mate with Qh8+.} Bf5 24. Qh8+ Kf7 25. Qg7+ {[%emt 0:00:16] Weighted Error Value: White=0.38/Black=1.31} 1-0

[Event "1st FIDE Olympiad DIS 2023"]
[Site "Belgrade"]
[Date "2023.01.31"]
[Round "2.10"]
[White "Mate, Balazs"]
[Black "Obodchuk, Andrei"]
[Result "0-1"]
[ECO "B53"]
[WhiteElo "2015"]
[BlackElo "2317"]
[Annotator "TA"]
[PlyCount "164"]
[EventDate "2023.01.30"]
[EventType "team-tourn"]
[EventCountry "SRB"]
[SourceTitle "playchess.com"]
[Source "ChessBase"]
[SourceQuality "1"]
[WhiteTeam "Hungary"]
[BlackTeam "FID"]
[WhiteTeamCountry "HUN"]
[TimeControl "40/5400+30:1800+30"]

1. e4 c5 2. Nf3 d6 3. d4 cxd4 4. Qxd4 Nf6 5. Bg5 Nc6 6. Bb5 {[%emt 0:01:45] B53: Sicilian: 2...d6: Lines with Qxd4.} Qa5+ 7. Nc3 Qxb5 8. Nxb5 {[%emt 0:05:36] White is slightly better.} Nxd4 9. Nfxd4 Kd8 10. f3 a6 11. Nc3 e6 12. O-O-O Kc7 13. Rhe1 {[%emt 0:06:39] [#]} (13. Rd3 {is interesting.} b5 14. Rhd1 Nd7 15. Nce2) 13... h6 $146 ({Predecessor:} 13... Bd7 14. Kb1 h6 15. Bc1 b5 16. Re3 Be7 17. a3 Rhb8 18. Na2 Rc8 19. Red3 Kd8 {½-½ Campos Gambuti,L (2431)-Perez Garcia,R (2137) Lorca op 4th 2015 (2)}) 14. Be3 Be7 15. Nb3 Bd7 16. Rd2 Bc6 17. Red1 Rad8 18. Na5 d5 {[%emt 0:04:01] Wards off Nc4} 19. exd5 Bxd5 {[%emt 0:02:47] [#]} (19... Nxd5 $11 {remains equal.} 20. Nxd5+ Bxd5) 20. Nb3 ({White should play} 20. Na4 $1 $16) 20... Bc6 (20... Bxb3 {simplifies} 21. cxb3 Rxd2 22. Rxd2 Rd8) 21. a3 Nd5 22. Nxd5+ Bxd5 23. Rd3 b6 24. a4 Bc4 25. Rxd8 Rxd8 26. Rxd8 Bxd8 $11 {[%emt 0:00:08][%mdl 4096] Endgame KBB-KBN} 27. Nd2 Bd5 28. c4 Bc6 29. b3 f5 30. Bd4 g5 31. g3 Kd7 32. Kc2 Bc7 33. Bg7 h5 34. Bf6 g4 $1 35. f4 b5 (35... Bd6 $15) 36. axb5 axb5 37. Bd4 {[%emt 0:01:01] [#]} h4 $1 38. Kc3 (38. b4 hxg3) 38... h3 $1 39. Bg1 $2 {[%emt 0:12:30] This costs White the game.} (39. Kb4 $11 {and White stays safe.}) 39... e5 $19 40. fxe5 Bxe5+ 41. Kd3 {[%emt 0:35:17] [#]} (41. Kb4 $142) 41... b4 $1 42. Ke3 (42. Nf1 {might work better.} Be4+ 43. Kd2) 42... Ke6 43. Kd3 Bc7 (43... Bg2 $142 44. Ke3 Bd6) 44. Kd4 $2 (44. Nf1) 44... Bg2 45. Kd3 (45. c5 $142 Be5+ 46. Ke3) 45... Be5 {[%emt 0:00:00] ...f4 would be deadly.} 46. Ke3 Kf6 {[%emt 0:00:00] Hoping for ...Kg5.} 47. Kd3 $2 (47. Bf2) 47... Bb7 $2 (47... f4 48. gxf4 Bxf4 49. Ne4+ Ke5) 48. Ke3 Kg5 {[%emt 0:00:00] And now ...Bg2 would win.} 49. Kd3 $2 (49. Nf1 Be4 50. Kd2) 49... f4 50. gxf4+ Kxf4 51. Bf2 Kf5 $2 (51... Bg2 52. c5 Kf5) 52. Nf1 Be4+ 53. Ke2 Bf4 {[%emt 0:00:00] A strong pair of Bishops.} (53... Ke6 $142 {Threatens to win with ...Bc2.} 54. Kd2 Bg2) 54. Ng3+ Ke5 55. Kd1 {[%emt 0:00:00] Repels Bc2+} (55. Nxe4 Kxe4 56. Bg1 g3 57. hxg3 Bxg3 58. Kd2 Bf4+ 59. Ke2 h2 60. Bxh2 Bxh2 61. Kd2 Kd4 62. c5 Bc7 63. c6 Bh2 64. Kc2 Ke3 65. Kc1 Kd3 66. Kd1 Kc3 67. Ke1 Kxb3 68. Kf1 Kc4 69. Kf2 b3 70. Kg2 Bc7 71. Kh3 b2 72. Kg4 b1=Q 73. Kg5 Qh7 74. Kg4 Qg6+ 75. Kf3 Kd3 76. Kf2 Qe4 77. Kg1 Qe2 78. Kh1 Qh2#) (55. Be1 {only move.}) 55... Bd3 56. c5 $2 (56. Ba7 Bxg3 57. Bb8+ Kd4 58. Bxg3) 56... Kd5 57. Bg1 Bg5 58. Bf2 Kc6 59. Bg1 Be7 60. Kd2 Bg6 (60... Bxc5 $2 61. Bxc5 Bh7 62. Bxb4 $18) 61. Be3 Bxc5 62. Bxc5 Kxc5 {[%emt 0:00:00] KB-KN} 63. Nh1 Bf7 {[%emt 0:00:00][%cal Oc5d4] Strongly threatening ...Kd4!} 64. Nf2 Be6 65. Kd3 Kd5 66. Ke3 {[%emt 0:00:02] [#]} g3 $1 {[%emt 0:00:00][%mdl 512] Black mates.} 67. hxg3 h2 68. Kd3 Bf5+ 69. Kd2 Be4 70. g4 h1=Q 71. Nxh1 Bxh1 {[%emt 0:00:00] KB-KPP} 72. g5 Be4 73. Kc1 Kd4 74. Kb2 Bg6 75. Ka1 Kd3 76. Kb1 Kd2+ 77. Kb2 Bf7 78. Ka2 Kc1 79. Ka1 Kc2 80. Ka2 Bxb3+ 81. Ka1 Bg8 82. g6 b3 {[%emt 0:00:04] Weighted Error Value: White=0.61/Black=0.38} 0-1

[Event "1st FIDE Olympiad DIS 2023"]
[Site "Belgrade"]
[Date "2023.01.31"]
[Round "2.10"]
[White "Banda Aaron"]
[Black "Rivas Cabrera, Edgar"]
[Result "0-1"]
[ECO "A24"]
[WhiteElo "1901"]
[BlackElo "1987"]
[Annotator "TA"]
[PlyCount "116"]
[EventDate "2023.01.30"]
[EventType "team-tourn"]
[EventCountry "SRB"]
[SourceTitle "playchess.com"]
[Source "ChessBase"]
[SourceQuality "1"]
[WhiteTeam "Zambia"]
[BlackTeam "Venezuela"]
[WhiteTeamCountry "ZAM"]
[BlackTeamCountry "VEN"]
[TimeControl "40/5400+30:1800+30"]

1. c4 Nf6 2. Nc3 g6 3. d3 Bg7 4. Bd2 e5 5. Rb1 d6 6. g3 c6 7. Bg2 Nbd7 8. Nf3 O-O 9. O-O Re8 {[%emt 0:04:01] A24: English Opening vs King's Indian: Lines without ...Nc6.} 10. b4 d5 {[%emt 0:09:33] [#]} 11. e3 $146 (11. b5 $11) ({Predecessor:} 11. cxd5 cxd5 12. Qb3 Nb6 13. a4 d4 14. Nd1 Be6 15. Qa3 Bd5 16. a5 Nc8 17. Nb2 {1-0 Hecko,D (2107)-Gazikova,V (2093) SVK-chT1W 1314 2013 (2.8)}) 11... b6 (11... dxc4 $15 12. dxc4 Nb6) 12. Ne1 Bb7 13. b5 {[%emt 0:04:40] Black must now prevent bxc6.} Nc5 14. bxc6 Bxc6 15. d4 ({White should play} 15. f4 $15 exf4 16. Rxf4) 15... exd4 $17 16. exd4 Nce4 17. cxd5 Nxc3 (17... Bxd5 18. Nxd5 Nxd5 19. Bxe4 Rxe4 20. Nf3 $15) 18. Bxc3 Nxd5 ({Black should try} 18... Bxd5 $17 19. Bxd5 Qxd5) 19. Ba1 $15 Rc8 20. Nf3 Bd7 21. Rc1 Be6 22. a3 Bh6 23. Rxc8 Qxc8 24. Nd2 {[%emt 0:02:01] [#]} (24. Qb3 $11) 24... Nc3 $2 (24... Qa6 $1 $17 {stays on course.} 25. Bb2 Qb5) 25. Bxc3 $18 {[%emt 0:03:37][%mdl 64] Remove Defender} Qxc3 26. Nb1 (26. Ne4 $18 Qb3 27. Nf6+ Kf8 28. Nxe8 (28. Nxh7+ $2 Kg7 $19) 28... Qxd1 29. Rxd1 Kxe8 30. Bc6+ Kd8 31. Kg2) 26... Qc4 $36 {[%emt 0:02:50][%mdl 2048] Black is really pushing. Black has more active pieces. The white rooks are badly placed.} 27. Re1 Rd8 28. Re4 (28. d5 $17 {was worth a try.}) 28... Bf5 $19 29. Bf1 Qa2 30. Re1 Bc2 31. Nc3 (31. Qg4 $17 {only move.} Qd5 32. Nc3 Qxd4 33. Qxd4 Rxd4 34. Re7) 31... Qb3 (31... Qxa3 32. Qxc2 Rc8 33. Nb5 $18) (31... Bxd1 32. Nxa2 Rxd4 33. Nc3 $17) 32. Qf3 Bd2 ({But not} 32... Rxd4 33. Qf6 Rd7 34. Re8+ Bf8 35. Bh3 Qxa3 36. Bxd7 $18) (32... Rc8 $142 33. Qb7 Qxc3) 33. Qf6 $2 {[%emt 0:03:26] [#]} (33. Re7 Bxc3 34. d5) 33... Rf8 $1 34. Re7 Bxc3 35. Qc6 Bxd4 (35... Qxa3 $2 {loses.} 36. Re3 $19) 36. Bc4 Qb1+ 37. Kg2 Bb3 {[%emt 0:00:22] And now ...Qc2 would win.} 38. Re8 (38. Qb5 $142 Ba2 39. Qxb1 Bxb1 40. Rd7) 38... Bxc4 39. Rxf8+ Kxf8 40. Qxc4 Qe4+ 41. Kf1 Qh1+ 42. Ke2 Bc5 43. Qc3 Qe4+ 44. Kf1 Qd4 45. Qf3 a5 46. h3 Qa1+ 47. Kg2 Qxa3 48. Qf6 Kg8 (48... Qa2 $142 49. Qh8+ Ke7 50. Qe5+ Kd7 51. Kh1 Qxf2 52. Qa1 Qxg3 53. Qf1 Qf2 54. Qc1 Bd6 55. Qg1 Qf3+ 56. Qg2 Qxg2+ 57. Kxg2 a4 58. Kg1 a3 59. h4 a2 60. Kf2 a1=Q 61. Ke3 Qc3+ 62. Ke2 Qc2+ 63. Ke3 Bc5+ 64. Kf4 Qf2+ 65. Kg5 Be3+ 66. Kg4 Qg2#) 49. h4 Qb4 {[%emt 0:00:27] Black mates.} 50. h5 Qd4 ({Weaker is} 50... gxh5 51. Qg5+ Kh8 52. Qf6+ Kg8 53. Qg5+ Kh8 54. Qf6+ Kg8 $11) 51. Qf3 gxh5 52. Qf5 Qg4 53. Qf6 a4 54. Qd8+ Kg7 55. Qd3 a3 56. Qc2 h4 57. Qc3+ Qd4 58. Qf3 Qxf2+ {[%emt 0:00:07] Weighted Error Value: White=0.97/Black=0.49} 0-1

[Event "1st FIDE Olympiad DIS 2023"]
[Site "Belgrade"]
[Date "2023.01.31"]
[Round "2.10"]
[White "Zhukovskaya, Nina"]
[Black "Mekus, Manuela"]
[Result "0-1"]
[ECO "A24"]
[WhiteElo "1474"]
[BlackElo "1624"]
[Annotator "NA RC COMBH"]
[PlyCount "116"]
[EventDate "2023.01.30"]
[EventType "team-tourn"]
[EventCountry "SRB"]
[SourceTitle "playchess.com"]
[Source "ChessBase"]
[SourceQuality "1"]
[WhiteTeam "Kazakhstan"]
[BlackTeam "Germany"]
[WhiteTeamCountry "KAZ"]
[BlackTeamCountry "GER"]
[TimeControl "40/5400+30:1800+30"]

1. c4 Nf6 2. Nc3 g6 3. d3 Bg7 4. Bd2 e5 5. Rb1 d6 6. g3 c6 7. Bg2 Nbd7 8. Nf3 O-O 9. O-O Re8 10. b4 d5 11. e3 b6 12. Ne1 Bb7 13. b5 Nc5 14. bxc6 Bxc6 15. d4 exd4 16. exd4 Nce4 17. cxd5 Nxc3 18. Bxc3 Nxd5 19. Ba1 Rc8 20. Nf3 Bd7 21. Rc1 Be6 22. a3 Bh6 23. Rxc8 Qxc8 24. Nd2 Nc3 25. Bxc3 Qxc3 26. Nb1 Qc4 27. Re1 Rd8 28. Re4 Bf5 29. Bf1 Qa2 30. Re1 Bc2 31. Nc3 Qb3 32. Qf3 Bd2 33. Qf6 Rf8 34. Re7 Bxc3 35. Qc6 Bxd4 36. Bc4 Qb1+ 37. Kg2 Bb3 38. Re8 Bxc4 39. Rxf8+ Kxf8 40. Qxc4 Qe4+ 41. Kf1 Qh1+ 42. Ke2 Bc5 43. Qc3 Qe4+ 44. Kf1 Qd4 45. Qf3 a5 46. h3 Qa1+ 47. Kg2 Qxa3 48. Qf6 Kg8 49. h4 Qb4 50. h5 Qd4 51. Qf3 gxh5 52. Qf5 Qg4 53. Qf6 a4 54. Qd8+ Kg7 55. Qd3 a3 56. Qc2 h4 57. Qc3+ Qd4 58. Qf3 Qxf2+ 0-1

[Event "1st FIDE Olympiad DIS 2023"]
[Site "Belgrade"]
[Date "2023.01.31"]
[Round "2.11"]
[White "Morales Santos, Natasha"]
[Black "Paal-Szucs, Attila"]
[Result "1-0"]
[ECO "A67"]
[WhiteElo "1893"]
[BlackElo "2141"]
[Annotator "TA"]
[PlyCount "111"]
[EventDate "2023.01.30"]
[EventType "team-tourn"]
[EventCountry "SRB"]
[SourceTitle "playchess.com"]
[Source "ChessBase"]
[SourceQuality "1"]
[WhiteTeam "Puerto Rico"]
[BlackTeam "Hungary"]
[WhiteTeamCountry "PUR"]
[BlackTeamCountry "HUN"]
[TimeControl "40/5400+30:1800+30"]

1. d4 Nf6 2. c4 c5 3. d5 e6 4. Nc3 exd5 5. cxd5 d6 6. e4 g6 7. f4 Bg7 8. Bb5+ Nbd7 9. e5 dxe5 10. fxe5 Nh5 11. e6 Qh4+ 12. g3 Nxg3 13. hxg3 {[%emt 0:00:02] A67: Modern Benoni: Taimanov Variation.} (13. exd7+ $6 Bxd7 14. hxg3 Qxh1 15. Bxd7+ Kxd7 16. Qg4+ (16. Qa4+ Kc8 $11) 16... f5 17. Qa4+ Kc8 $11) 13... Qxh1 14. Be3 {[%emt 0:01:52] White is more active.} (14. exd7+ $6 Bxd7 15. Bxd7+ Kxd7 16. Qa4+ Kc8 $11) 14... a6 $2 15. exd7+ $18 {[%emt 0:01:32] White is winning.} (15. Bxd7+ Bxd7 16. exd7+ Kxd7 $18) 15... Bxd7 16. Bf1 (16. Bxd7+ $18 Kxd7 17. Qa4+ (17. Bxc5 Qg2 $17) 17... Kc8 18. O-O-O (18. Bxc5 Bxc3+ {[%mdl 64] Remove Defender} 19. bxc3 Qxd5 $11)) 16... O-O 17. Kf2 $1 {[%emt 0:05:16][%mdl 1024] With the idea Bg2. White has compensation.} Rfe8 (17... Qh2+ $11 18. Bg2 Be5) 18. Bg2 $1 $16 Qh2 19. Nf3 (19. Bxc5 Be5 20. Nge2 Rac8 $11) 19... Qh5 20. Bxc5 {[%emt 0:14:24] [#]} Bg4 $146 ({Predecessor:} 20... Rac8 21. Bd4 Bxd4+ 22. Qxd4 Qf5 23. Rd1 b5 24. Bf1 b4 25. Bd3 Qh5 26. Ne4 Rxe4 27. Qxe4 {1-0 Hasseine,M (2157)-Devallee,J (2220) FRA-chT 16 Final-B blitz 2021 (7)}) 21. Bd4 Bf8 22. Qd2 (22. Kg1 Bd6 $14) 22... Bh6 {[%emt 0:07:47] Inhibits Ng5.} ({Black should play} 22... Rac8 $14) 23. Qc2 {[%emt 0:01:28] And now Rh1 would win. Some like it hot} Bf5 $2 (23... Bxf3 $2 24. Bxf3 Qh2+ 25. Bg2 $18) (23... Bg7 $16 {was called for.}) 24. Qb3 $18 {[%emt 0:01:16] aiming for Rh1.} Qg4 25. Rh1 (25. Qxb7 $2 Rab8 26. Qc7 Rxb2+ 27. Kg1 Rd2 $19) 25... Qxd4+ 26. Nxd4 Be3+ 27. Kf3 Bxd4 28. Rh4 $2 (28. Qxb7 Rab8 $17) (28. g4 $18 {is more deadly.} Bd3 29. d6 (29. Qxb7 Rab8 $16)) 28... Re3+ $16 29. Kf4 Rae8 {[%emt 0:04:37] White must now prevent ...Rd3.} 30. Qa4 $1 (30. Qxb7 $2 Rd3 31. Ne4 (31. Qxa6 Be5+ {[%mdl 64] Skewer, Deflection} 32. Kg5 Rxg3+) 31... Bxe4 32. Qxa6 (32. Bxe4 Be5+ {[%mdl 64] Skewer, Deflection} 33. Kg5 Rxg3+ 34. Rg4 h6+ 35. Kh4 g5+ {[%mdl 64] X-Ray Attack}) 32... Be3+ 33. Kg4 Bxg2 34. Qxd3 f5+ $19) 30... Bf6 {[%emt 0:00:44] A strong pair of Bishops.} (30... Bxc3 $16 31. bxc3 f6) 31. Rh1 $2 ({White must play} 31. Rh2 $1 $18) 31... R8e5 {[%emt 0:01:30] [#] Dodges Ne4} (31... h6 $1 $11 {and Black is okay.} 32. Ne4 (32. Rxh6 R8e5 $11) 32... R8xe4+ {[%mdl 64] Remove Defender} 33. Bxe4 Bg5+ 34. Ke5 Bxe4 35. Qxe4 Bf6+ 36. Kxf6 (36. Kf4 Bg5+ 37. Ke5 Bf6+ 38. Kxf6 Rxe4 $16) 36... Rxe4) 32. Ne4 $1 Bxe4 $11 33. Bxe4 (33. Kxe3 $2 {loses.} Bxg2+ 34. Kd3 Rxd5+ 35. Kc2 Bxh1 $19) 33... R5xe4+ (33... b5 $1 $11 {and Black has nothing to worry.}) 34. Qxe4 $18 Bg5+ 35. Kxg5 $2 (35. Ke5 $1 $18) 35... Rxe4 {[%emt 0:00:10][%mdl 4096] Endgame KR-KR} 36. Kf6 {[%emt 0:01:17] Strongly threatening Rc1.} Re3 {[%emt 0:03:39] White now steadily converts the win.} (36... b5 $11) 37. Rc1 $1 $16 {[%emt 0:00:48] White threatens Rc8+ and mate.} Rf3+ $2 {[%emt 0:00:13] [#]} (37... Rxg3 $2 38. Rc8#) (37... Kf8 $16) 38. Ke7 $1 $18 Re3+ {[%emt 0:00:15] [#]} (38... Rxg3 $2 39. d6 Re3+ 40. Kd8 $16) 39. Kd7 $1 f5 $2 (39... Rxg3 40. d6 Rd3) 40. Rc3 Re5 41. d6 Kf7 42. Kc7 {[%emt 0:01:09][%cal Od6d7] d7! would be deadly.} Rd5 43. d7 ({Not} 43. Kxb7 Rxd6 44. b4 g5 $11) 43... Kf6 44. d8=Q+ Rxd8 45. Kxd8 {[%emt 0:00:09] KR-KP} g5 46. Kc7 {[%emt 0:00:28][%cal Ob2b4] Hoping for b4!} h5 47. Kxb7 h4 48. gxh4 {[%emt 0:07:32] KR-K3P. White mates.} g4 49. Kc6 f4 50. Kd5 Kf5 51. Rc8 f3 52. Rf8+ Kg6 53. Ke4 Kh5 54. Rh8+ Kg6 55. Ke3 Kf5 56. Rg8 {[%emt 0:00:22] Artfully played by Morales Santos.   Weighted Error Value: White=0.50/Black=0.98} 1-0

[Event "1st FIDE Olympiad DIS 2023"]
[Site "Belgrade"]
[Date "2023.01.31"]
[Round "2.11"]
[White "Sauti Harry"]
[Black "Abiad Parra, Victor"]
[Result "0-1"]
[ECO "C54"]
[WhiteElo "1693"]
[BlackElo "1855"]
[Annotator "NA RC COMBH"]
[PlyCount "64"]
[EventDate "2023.01.30"]
[EventType "team-tourn"]
[EventCountry "SRB"]
[SourceTitle "playchess.com"]
[Source "ChessBase"]
[SourceQuality "1"]
[WhiteTeam "Zambia"]
[BlackTeam "Venezuela"]
[WhiteTeamCountry "ZAM"]
[BlackTeamCountry "VEN"]
[TimeControl "40/5400+30:1800+30"]

1. e4 e5 2. Nf3 Nc6 3. d4 exd4 4. Bc4 Bc5 5. c3 Nf6 6. e5 ({Much weaker is} 6. Nxd4 Nxe4 7. Nd2 (7. Qf3 $2 d5 $17) 7... Nxd2 8. Qe2+ Qe7 9. Qxe7+ Kxe7 $17) 6... d5 7. exd6 ({Of course not} 7. cxd4 Bb4+ 8. Bd2 dxc4 $17) (7. Be2 $11) 7... Qxd6 8. O-O O-O 9. h3 ({White should try} 9. b4 Bb6 10. Ba3) 9... Bf5 10. Bg5 (10. cxd4 $17 Nxd4 11. Nxd4 Qxd4 12. Qxd4 Bxd4 13. Nd2) 10... Ne4 11. Bh4 h6 12. Nbd2 d3 13. Nxe4 Bxe4 14. Kh1 Bb6 ({Black should try} 14... Na5 $19 15. Bg3 Qd8) 15. a3 (15. Bg3 $17 Qd7 16. Re1) 15... Qf4 16. Bg3 Qf5 17. Ba2 (17. Kg1 $17) 17... Rad8 18. Kh2 Bxf3 19. gxf3 $2 (19. Qxf3 Qxf3 20. gxf3) 19... Ne5 $2 (19... Rfe8 $19 {has better winning chances.} 20. Re1 Rxe1 21. Qxe1 Qxf3) 20. Kg2 $2 (20. f4 $17 Nd7 21. Qg4 Qxg4 22. hxg4) 20... Bc5 21. Re1 Bd6 $19 22. Re3 Ng6 23. Re4 h5 24. h4 Nf4+ 25. Bxf4 Bxf4 26. Qa4 Bh6 27. Rae1 Rd6 28. Rh1 Rg6+ {[%emt 0:00:17] Deflection} 29. Kf1 Qxf3 30. Rh2 b5 31. Qd4 Qd1+ 32. Re1 Qxe1+ 0-1

[Event "1st FIDE Olympiad DIS 2023"]
[Site "Belgrade"]
[Date "2023.01.31"]
[Round "2.12"]
[White "Paal, Andras"]
[Black "Tran, Thi Bich Thuy"]
[Result "1-0"]
[ECO "B34"]
[WhiteElo "2019"]
[BlackElo "1422"]
[Annotator "TA"]
[PlyCount "89"]
[EventDate "2023.01.30"]
[EventType "team-tourn"]
[EventCountry "SRB"]
[SourceTitle "playchess.com"]
[Source "ChessBase"]
[SourceQuality "1"]
[WhiteTeam "Hungary"]
[BlackTeam "Vietnam"]
[WhiteTeamCountry "HUN"]
[BlackTeamCountry "VIE"]
[TimeControl "40/5400+30:1800+30"]

1. e4 c5 2. Nf3 g6 3. d4 cxd4 4. Nxd4 Nc6 5. Be3 Bg7 6. Nc3 Nf6 7. f3 O-O 8. Qd2 d5 9. O-O-O dxe4 10. fxe4 Ng4 11. Nxc6 Qxd2+ 12. Bxd2 bxc6 13. Re1 $1 {[%emt 0:00:42] B34: Sicilian: Accelerated Dragon with 5 Nc3: sidelines.} Be6 14. h3 Ne5 15. Na4 {[%emt 0:07:45] [#] The position is equal.} Nd7 $146 ({Don't play} 15... Bxa2 16. b3 $16) (15... c5 $5) ({Predecessor:} 15... Nc4 16. Bxc4 Bxc4 17. Nc5 f6 18. b3 Bf7 19. e5 Bd5 20. Re2 Rfd8 21. e6 f5 {0-1 Ugalde Garcia,R (2165)-Gonzalez Acosta,B (2385) CRI-ch Costa Rica 1997 (15)}) 16. Bc3 Bxc3 ({Resist} 16... Bxa2 17. b3 $16) 17. Nxc3 Nc5 18. Rd1 Rfd8 19. Be2 Nb7 20. Bf3 Rxd1+ 21. Rxd1 Rd8 22. e5 Rxd1+ 23. Kxd1 $14 {[%emt 0:00:21][%mdl 4096] Endgame KBN-KBN} Nd8 24. Kd2 Kf8 25. b4 (25. Ne4 $5 ) 25... Bc4 26. Ke3 Ke8 27. a4 Kd7 28. Kd4 Be6 29. Ne4 Kc7 30. Nc5 Bf5 31. Kc3 h5 32. g4 hxg4 33. hxg4 Bd7 34. a5 {[%emt 0:01:07] White is more active.} Ne6 $2 {[%emt 0:00:39] [#] This move loses the game for Black.} (34... f5 $14) 35. Nxe6+ $1 $18 Bxe6 {[%emt 0:00:12] [#] KB-KB} 36. g5 {[%emt 0:00:20] Black must now prevent Kd4.} a6 $2 (36... Bf5 37. Kd2 Kd7) 37. Kd4 {[%emt 0:01:01] Hoping for Kc5.} Bc8 38. Kc5 Bd7 39. c3 Be8 40. Be2 Kb7 41. Bc4 Ka7 42. Bd3 Bd7 43. c4 (43. Be4 $142 Kb7 44. e6 {[%mdl 64] Deflection} Bxe6 45. Bxc6+ Ka7 46. c4) 43... Bf5 (43... Kb7 $18 44. Be2 Kc7) 44. Bxf5 gxf5 45. e6 {[%emt 0:00:00][%mdl 64] Promotion.   Weighted Error Value: White=0.22 (precise) /Black=0.50} 1-0

[Event "1st FIDE Olympiad DIS 2023"]
[Site "Belgrade"]
[Date "2023.01.31"]
[Round "2.13"]
[White "Severino, Sander"]
[Black "Orsag, Milan"]
[Result "1-0"]
[ECO "D34"]
[WhiteElo "2364"]
[BlackElo "2308"]
[Annotator "TA"]
[PlyCount "75"]
[EventDate "2023.01.30"]
[EventType "team-tourn"]
[EventCountry "SRB"]
[SourceTitle "playchess.com"]
[Source "ChessBase"]
[SourceQuality "1"]
[WhiteTeam "Philippines"]
[BlackTeam "Czech Republic"]
[WhiteTeamCountry "PHI"]
[BlackTeamCountry "CZE"]
[TimeControl "40/5400+30:1800+30"]

1. d4 d5 2. c4 e6 3. Nc3 c5 4. cxd5 exd5 5. Nf3 Nc6 6. g3 Nf6 7. Bg2 Be7 8. O-O O-O 9. Bg5 cxd4 10. Nxd4 h6 11. Be3 Re8 12. Rc1 Bf8 13. Nxc6 bxc6 14. Na4 Bd7 15. Bc5 Bxc5 16. Nxc5 Bg4 17. Re1 Rb8 {[%emt 0:04:51] D34: Tarrasch Defence: 6 g3 Nf6 7 Bg2 Be7.} (17... Qa5 $5 ) 18. b3 Qa5 19. Na4 Rbc8 {[%emt 0:08:59] White has an edge.} 20. h3 Bf5 21. Qd4 {[%emt 0:07:28] [#]} h5 $146 ({Predecessor:} 21... c5 22. Nxc5 Qxa2 23. e3 Qa3 24. Rc3 Rb8 25. Rec1 Red8 26. b4 Qa2 27. Rb3 Rdc8 {½-½ Polak,T (2485)-Orsag,M (2408) CZE-chT 0506 2005 (11)}) 22. e3 Be4 23. f3 ({White should try} 23. Nc5 $14) 23... Bf5 $11 24. Kf2 Nd7 25. Qc3 {[%emt 0:04:38] Dodges c5} Qc7 26. Nc5 Nf6 27. h4 Re7 28. b4 ({Much weaker is} 28. e4 dxe4 29. fxe4 Bg4 $11) 28... Ne8 29. Nb3 Nd6 30. Nd4 Bd7 31. Bf1 Qb6 32. Qc5 (32. a3 {looks sharper.} Nb7 33. Nb3 Re6 34. Bd3) 32... Qxc5 33. Rxc5 Nb7 34. Rc3 {[%emt 0:01:00] Ba6 would be deadly. White is more active.} c5 (34... a5 $142) 35. bxc5 Rxc5 36. Rec1 {[%emt 0:01:12] White is better.} Rxc3 37. Rxc3 {[%emt 0:00:11] [#] Hoping for Rc7.} Be6 38. Bd3 {[%emt 0:07:10] Weighted Error Value: White=0.11 (very precise) /Black=0.11 (very precise)} 1-0